 Dungeon Crawl Stone Soup version 0.25.1-2-g60ff931df9 (webtiles) character file.

Game seed: 13086339307859340872

7114 pokeman the Thaumaturge (level 10, -1/56 HPs)
             Began as a Deep Elf Wizard on Oct 30, 2020.
             Was a Priest of Vehumet.
             Slain by a killer bee (6 damage)
             ... on level 10 of the Dungeon on Oct 31, 2020.
             The game lasted 00:37:02 (10986 turns).

pokeman the Thaumaturge (Deep Elf Wizard)          Turns: 10986, Time: 00:37:03

Health: -1/56      AC:  5    Str:  7    XL:     10   Next: 85%
Magic:  21/28      EV: 12    Int: 27    God:    Vehumet [***...]
Gold:   441        SH:  0    Dex: 13    Spells: 18/34 levels left

rFire    + . .     SeeInvis .   o - +1 whip (venom)
rCold    . . .     Gourm    .   (no shield)
rNeg     . . .     Faith    .   A - +1 leather armour of Biles {rF+ Str+3}
rPois    .         Spirit   .   b - +0 hat
rElec    .         Reflect  .   (no cloak)
rCorr    .         Harm     .   s - +0 pair of gloves
MR       +....     Rnd*Tele +   (no boots)
Stlth    ++........             i - amulet of regeneration
HPRegen  0.58/turn              r - ring of teleportation (curse)
MPRegen  0.21/turn              (no ring)

@: lethally poisoned (-1 -> -15), studying Maces & Flails
A: no striking features
a: Renounce Religion


You were on level 10 of the Dungeon.
You worshipped Vehumet.
Vehumet was most pleased with you.
You were not hungry.

You visited 2 branches of the dungeon, and saw 11 of its levels.
You also visited: Sewer.

You collected 645 gold pieces.
You spent 204 gold pieces at shops.

Inventory:

Hand Weapons
 l - a cursed -3 hand crossbow
 o - a +1 whip of venom (weapon)
 K - a +4 dagger of distortion
Missiles
 E - 56 bolts
Armour
 a - a +0 kite shield
 b - a +0 hat (worn)
 s - a +0 pair of gloves (worn)
 A - the +1 leather armour of Biles (worn) {rF+ Str+3}
   (You found it on level 4 of the Dungeon)

   It affects your strength (+3).
   It protects you from fire.
Jewellery
 i - an amulet of regeneration (around neck)
 r - a cursed ring of teleportation (left hand)
Wands
 y - a wand of digging (12)
 B - a wand of paralysis (6)
 J - a wand of enslavement (8)
 L - a wand of iceblast (9)
 N - a wand of polymorph (7)
 R - a wand of flame (16)
Scrolls
 e - 2 scrolls of fog {unknown}
 h - 2 scrolls of enchant armour {unknown}
 n - 5 scrolls of teleportation {unknown}
 q - 2 scrolls of magic mapping {unknown}
 t - 6 scrolls of identify {unknown}
 u - 2 scrolls of amnesia {unknown}
 w - 2 scrolls of blinking {unknown}
 x - 5 scrolls of remove curse {unknown}
 G - a scroll of immolation {unknown}
 H - a scroll of random uselessness {unknown}
 P - a scroll of silence {unknown}
Potions
 c - 8 potions of curing
 f - 5 potions of flight {unknown}
 g - a potion of berserk rage {unknown}
 j - 3 potions of stabbing {unknown}
 m - a potion of resistance {unknown}
 p - a potion of mutation {unknown}
 v - 4 potions of haste {unknown}
 z - 3 potions of magic {unknown}
 C - 2 potions of cancellation {unknown}
 D - 2 potions of brilliance {unknown}
 F - a potion of lignification
 I - a potion of heal wounds
 M - 2 potions of invisibility {unknown}
 O - a potion of might {unknown}
 Q - a potion of ambrosia {unknown}
Books
 k - a manual of Maces & Flails
Comestibles
 d - 31 rations
 S - 10 chunks of flesh


   Skills:
 - Level 3.2 Fighting
 + Level 2.7 Armour
 - Level 2.4 Dodging
 - Level 2.4 Stealth
 - Level 3.0 Shields
 * Level 12.9 Spellcasting
 * Level 10.4 Conjurations
 - Level 1.1 Summonings
 - Level 1.1 Translocations
 + Level 6.9 Fire Magic
 - Level 1.0 Air Magic
 - Level 2.0 Poison Magic
 - Level 1.1 Evocations


You had 18 spell levels left.
You knew the following spells:

 Your Spells              Type           Power        Failure   Level  Hunger
a - Magic Dart            Conj           ####         1%          1    None
b - Mephitic Cloud        Conj/Pois/Air  #####...     1%          3    None
c - Call Imp              Summ           ###.....     4%          2    None
d - Blink                 Tloc           N/A          4%          2    None
e - Conjure Flame         Conj/Fire      ######..     1%          3    None
f - Foxfire               Conj/Fire      ####         1%          1    None
g - Shock                 Conj/Air       ####         1%          1    None
h - Stone Arrow           Conj/Erth      #####.       1%          3    None

Your spell library contained the following spells:

 Spells                   Type           Power        Failure   Level  Hunger
 Iskenderun's Mystic Bla  Conj/Tloc      #####...     1%          4    None
 Slow                     Hex            ###.....     7%          2    None


Dungeon Overview and Level Annotations

Branches:
Dungeon (10/15)            Temple (1/1) D:5            Lair (0/6) D:10
  Sewer (visited)
    Orc: D:9-12

Altars:
Gozag
Kikubaaqudgha
Nemelex Xobeh
Okawaru
Qazlal
Uskayaw
Vehumet
Wu Jian
Xom
Yredelemnul
The Shining One

Shops:
D:8 !


Message History

Unknown command.
You feel much better.
You feel sick. Vehumet accepts your kill.
You feel a bit more experienced. The killer bee stings you.
The killer bee barely misses something.
The killer bee stings you.
* * * LOW HITPOINT WARNING * * *
The killer bee stings you.
* * * LOW HITPOINT WARNING * * *
The killer bee stings the killer bee!
The killer bee stings you.
* * * LOW HITPOINT WARNING * * *
You are lethally poisoned!
The killer bee poisons you!
The killer bee barely misses the killer bee.
The killer bee closely misses the killer bee.
The killer bee stings you but does no damage.
The killer bee stings you.
* * * LOW HITPOINT WARNING * * *
You are more poisoned.
The killer bee poisons you! The killer bee stings you.
You die...

#..##'#.....#
##.##.#############
#..#.#....#..%..%# ##...#.##.#
y...%####### ###.###.##.#
.%...##<...####### ...........#
.y%.#..yy........
####.###.#######y####yy.#y.####
#.....# ##≈≈y.yy≈yYY.....#
#.##### #≈≈≈y@yyyyYy.....#
##.#### #≈≈≈≈yy;yy.Y.#...#
#.....#####≈≈≈yy.Y§.y.)....#
#........###≈≈;≈≈..........#
#........# ##≈≈≈#.....>....#
###........# ##≈.............
.#.........# ##.##...........
.#.........# #.##........
...........# #. #........


You could see 2 death yaks, 3 yaks, a queen bee, 20 killer bees and 2 electric
eels.

Vanquished Creatures
  A hydra (D:9)
  Psyche (D:8)
  Grinder (D:5)
  2 dream sheep (D:9)
  2 hippogriffs (D:8)
  8 yaks (D:9)
  A steam dragon (D:10)
  Duvessa (D:5)
  A water moccasin (D:7)
  4 ice beasts
  2 orc warriors
  A hornet zombie (D:8)
  3 ogres
  3 phantoms
  2 necrophages
  A sky beast (D:9)
  A centaur (D:10)
  5 big kobolds
  4 bullfrogs
  Dowan (D:5)
  2 scorpions (D:6)
  7 killer bees (D:10)
  2 electric eels (D:10)
  4 wights (D:6)
  A howler monkey (D:6)
  A crimson imp (D:10)
  2 bullfrog zombies
  4 orc priests
  2 bullfrog skeletons
  4 hounds
  3 jellies
  3 orc wizards
  2 iguanas
  6 worker ants
  A hound zombie (D:8)
  A howler monkey zombie (D:7)
  15 gnolls
  10 adders
  2 river rats (Sewer)
  2 oozes
  2 adder skeletons
  An adder zombie (D:6)
  4 worms
  2 dart slugs (D:2)
  3 leopard geckos
  22 orcs
  7 bats
  A bat zombie (D:4)
  7 giant cockroaches
  9 goblins
  7 hobgoblins
  8 jackals
  A quokka (D:3)
  2 ball pythons
  4 frilled lizards
  20 kobolds
  A quokka skeleton (D:9)
  A quokka zombie (D:9)
  7 rats
  A rat zombie (D:4)
229 creatures vanquished.

Vanquished Creatures (collateral kills)
  A killer bee (D:10)
  A gnoll (D:10)
2 creatures vanquished.

Vanquished Creatures (others)
  A gnoll (D:2)
  147 foxfires
  2 plants (D:9)
150 creatures vanquished.

Grand Total: 381 creatures vanquished

Notes
Turn   | Place    | Note
-------+----------+-------------------------------------------
     0 | D:1      | pokeman the Deep Elf Wizard began the quest for the Orb.
     0 | D:1      | Reached XP level 1. HP: 10/10 MP: 7/7
   255 | D:1      | Reached XP level 2. HP: 16/16 MP: 6/9
   553 | D:1      | Reached skill level 5 in Spellcasting
   773 | D:1      | Reached XP level 3. HP: 19/20 MP: 3/11
   778 | D:1      | Learned a level 3 spell: Mephitic Cloud
   781 | D:1      | Learned a level 2 spell: Call Imp
   784 | D:1      | Learned a level 2 spell: Blink
   788 | D:1      | Learned a level 3 spell: Conjure Flame
  1322 | D:2      | Noticed a +0 hand axe
  1323 | D:2      | Noticed a +0 hand axe
  1329 | D:2      | Found a hide-covered altar of Uskayaw.
  1482 | D:2      | Reached skill level 1 in Fighting
  1842 | D:2      | Reached skill level 1 in Armour
  1843 | D:2      | Reached XP level 4. HP: 25/25 MP: 4/13
  2512 | D:2      | Reached XP level 5. HP: 29/29 MP: 12/15
  2850 | D:3      | Reached skill level 1 in Shields
  2850 | D:3      | Reached skill level 6 in Spellcasting
  3182 | D:3      | Reached skill level 1 in Fire Magic
  3232 | D:3      | Noticed an ice beast
  3346 | D:3      | Killed an ice beast
  3346 | D:3      | Reached skill level 1 in Poison Magic
  3346 | D:3      | Reached XP level 6. HP: 18/34 MP: 0/17
  3904 | D:4      | Found a basalt altar of Yredelemnul.
  3933 | D:4      | Got a jewelled leather armour
  3944 | D:4      | Identified the +1 leather armour of Biles {rF+ Str+3} (You
                  | found it on level 4 of the Dungeon)
  4140 | D:4      | Reached skill level 1 in Air Magic
  4529 | D:4      | Reached skill level 7 in Spellcasting
  4749 | D:4      | Reached skill level 1 in Evocations
  4749 | D:4      | Reached XP level 7. HP: 38/38 MP: 11/19
  5264 | D:4      | Found an ancient bone altar of Kikubaaqudgha.
  5319 | D:5      | Entered Level 5 of the Dungeon
  5333 | D:5      | Noticed Grinder
  5358 | D:5      | Killed Grinder
  5460 | D:5      | Found a staircase to the Ecumenical Temple.
  5471 | Temple   | Entered the Ecumenical Temple
  5531 | Temple   | Became a worshipper of Vehumet
  5601 | D:5      | Noticed Duvessa
  5603 | D:5      | Noticed Dowan
  5632 | D:5      | Reached skill level 5 in Conjurations
  5658 | D:5      | Killed Dowan
  5658 | D:5      | Reached skill level 8 in Spellcasting
  5793 | D:5      | Killed Duvessa
  6004 | D:5      | Reached XP level 8. HP: 44/44 MP: 16/22
  6454 | D:6      | Reached skill level 9 in Spellcasting
  6576 | D:6      | Found a glowing drain.
  6592 | Sewer    | Entered a sewer
  6610 | Sewer    | Reached * piety under Vehumet
  6610 | Sewer    | Offered knowledge of Shock by Vehumet.
  6613 | Sewer    | Learned a level 1 spell: Shock
  6792 | Sewer    | Found a white marble altar of Elyvilon.
  7648 | D:8      | Noticed a hippogriff
  7743 | D:8      | Noticed Psyche
  7762 | D:8      | Killed Psyche
  7812 | D:8      | Reached skill level 10 in Spellcasting
  7812 | D:8      | Reached XP level 9. HP: 35/48 MP: 17/25
  8085 | D:8      | Found Gozxu's Distillery.
  8146 | D:8      | Bought a potion of degeneration for 12 gold pieces
  8146 | D:8      | Bought a potion of curing for 36 gold pieces
  8146 | D:8      | Bought 2 potions of heal wounds for 120 gold pieces
  8146 | D:8      | Bought a potion of lignification for 36 gold pieces
  8332 | D:8      | Offered knowledge of Foxfire by Vehumet.
  8335 | D:8      | Learned a level 1 spell: Foxfire
  8374 | D:8      | Reached ** piety under Vehumet
  8717 | D:8      | Found an ornate altar of the Wu Jian Council.
  8740 | D:8      | Reached skill level 5 in Fire Magic
  9165 | D:9      | Reached skill level 11 in Spellcasting
  9385 | D:9      | Found an iron altar of Okawaru.
  9468 | D:9      | Found a shimmering altar of Xom.
  9615 | D:9      | Reached XP level 10. HP: 12/54 MP: 27/27
  9888 | D:9      | Found a sparkling altar of Nemelex Xobeh.
  9975 | D:9      | Noticed a three-headed hydra
  9997 | D:9      | Killed a three-headed hydra
  9997 | D:9      | Reached skill level 12 in Spellcasting
 10007 | D:9      | Offered knowledge of Stone Arrow by Vehumet.
 10018 | D:9      | Learned a level 3 spell: Stone Arrow
 10307 | D:10     | Entered Level 10 of the Dungeon
 10307 | D:10     | Noticed a death yak
 10441 | D:10     | Reached skill level 10 in Conjurations
 10454 | D:10     | Reached *** piety under Vehumet
 10977 | D:10     | Found a staircase to the Lair.
 10977 | D:10     | Noticed a death yak
 10978 | D:10     | Noticed a death yak
 10985 | D:10     | Offered knowledge of Iskenderun's Mystic Blast by Vehumet.
 10986 | D:10     | Slain by a killer bee

Illustrated notes

Levels and vault maps discovered:
D:1:      dpeg_arrival_circle_labyrinth_c, layout_basic
D:2:      layout_loops_ring, dancing_weapons_uskayaw, minmay_cut_off
D:3:      layout_rooms
D:4:      layout_layer_cave, kennysheep_mini, lemuel_zombie_altar_kikubaaqudgha,
          first_ration, minmay_manual_mess
D:5:      layout_cave_pools, minmay_temple_entry_slanted, serial_column_ruins,
          column_ruins_columns_water, column_ruins_columns_corner,
          column_ruins_open_small, uniq_grinder, uniq_duvessa
D:6:      layout_basic, cheibrodos_sewer_entry_bend
D:7:      layout_loops_ring
D:8:      minmay_s_stair_smasher, layout_loops_ring, overflow_temple_1_default,
          nicolae_overflow_hidden_temple, serial_shops, shop, uniq_psyche
D:9:      layout_stronghold, chequers_temple_overflow_statue_of_worship,
          nemelex_xobeh_ov_fountains_minmay, hangedman_ranch
          [blue_anna_fruit_fields]
D:10:     layout_basic, dpeg_lair_monsters, david_orc_4, special_room
          [special_room_bee]
Temple:   minmay_temple_curvy_branch

Skill      XL: |  1  2  3  4  5  6  7  8  9 10 |
---------------+-------------------------------+-----
Spellcasting   | 5 6 7 8 10 11 12 | 12.9
Fighting       | 1 2 3 |  3.2
Armour         | 1 2 |  2.7
Conjurations   | 2 3 4 5 7 9 10 | 10.4
Shields        | 1 3 |  3.0
Fire Magic     | 1 2 3 4 5 6 |  6.9
Poison Magic   | 1 2 |  2.0
Air Magic      | 1 |  1.0
Evocations     | 1 |  1.1
Dodging        | |  2.4
Stealth        | |  2.4
Summonings     | |  1.1
Translocations | |  1.1

Action                   |  1- 3 |  4- 6 |  7- 9 | 10-12 || total
-------------------------+-------+-------+-------+-------++-------
Melee: Unarmed           |     4 |       |       |       ||     4
       Whip              |       |    37 |   138 |    51 ||   226
 Cast: Magic Dart        |    99 |   144 |   158 |    21 ||   422
       Mephitic Cloud    |     1 |     8 |    25 |    14 ||    48
       Conjure Flame     |     1 |     3 |    20 |    10 ||    34
       Call Imp          |       |     4 |    11 |     1 ||    16
       Blink             |       |       |     1 |     5 ||     6
       Foxfire           |       |       |    38 |    40 ||    78
       Shock             |       |       |     5 |    11 ||    16
       Stone Arrow       |       |       |       |     5 ||     5
Evoke: Wand              |       |       |    11 |       ||    11
  Use: Potion            |       |       |       |     2 ||     2
 Stab: Confused          |       |       |     7 |     3 ||    10
       Sleeping          |       |       |     2 |       ||     2
  Eat: Chunk             |     3 |     9 |    11 |     5 ||    28
       Ration            |       |       |     1 |       ||     1
Armor: Robe              |     1 |       |       |       ||     1
       Leather armour    |     1 |     9 |    32 |    11 ||    53
Dodge: Dodged            |     9 |    30 |    93 |    32 ||   164
